 Dungeon Crawl Stone Soup version 0.28.0-45-g0d030f2227 (webtiles) character file.

Game seed: 13006891161864997266

192 DearestLeader the Grasshopper (level 5, -1/43 HPs)
             Began as a Gnoll Warper on Apr 20, 2022.
             Slain by a gnoll
             ... wielding a +0 halberd
              (9 damage)
             ... on level 4 of the Dungeon.
             The game lasted 00:06:41 (6554 turns).

DearestLeader the Grasshopper (Gnoll Warper)        Turns: 6554, Time: 00:06:42

Health: -1/43      AC:  3    Str: 12    XL:     5   Next: 71%
Magic:  6/12       EV: 13    Int: 12    God:
Gold:   219        SH:  0    Dex: 12    Spells: 0/14 levels left

rFire   . . .      SeeInvis .   a - +0 hand axe
rCold   . . .      Faith    .   (no shield)
rNeg    . . .      Spirit   .   b - +0 leather armour
rPois   .          Reflect  .   (no helmet)
rElec   .          Harm     .   (no cloak)
rCorr   .          Rampage  .   (no gloves)
Will    .....                   (no boots)
Stlth   +.........              (no amulet)
HPRegen 0.14/turn               (no ring)
MPRegen 0.13/turn               (no ring)

@: no status effects
A: fangs 1, strong nose, distributed training
a: no special abilities


You were on level 4 of the Dungeon.
You visited 1 branch of the dungeon, and saw 4 of its levels.

You collected 219 gold pieces.

Inventory:

Hand Weapons
 a - a +0 hand axe (weapon)
Missiles
 d - 5 boomerangs of dispersal (quivered)
 i - 29 bolts
 l - 9 boomerangs
 o - 4 poisoned darts
 p - 15 sling bullets
Armour
 b - a +0 leather armour (worn)
Wands
 n - a wand of paralysis (10)
Scrolls
 c - 2 scrolls of blinking
 e - a scroll of fog {unknown}
 g - 2 scrolls of identify {unknown}
 h - 2 scrolls of teleportation {unknown}
 j - a scroll of immolation {unknown}
 q - a scroll of magic mapping {unknown}
 s - a scroll of amnesia {unknown}
Potions
 f - a potion of invisibility {unknown}
 k - 2 potions of might {unknown}
 m - 2 potions of mutation {unknown}
 r - 2 potions of lignification {unknown}


   Skills:
 + Level 4.8 Fighting
 + Level 1.6 Short Blades
 + Level 1.6 Long Blades
 + Level 4.8 Axes
 + Level 1.6 Maces & Flails
 + Level 1.6 Polearms
 + Level 1.6 Staves
 + Level 1.6 Slings
 + Level 1.6 Bows
 + Level 1.6 Crossbows
 + Level 3.0 Throwing
 + Level 3.0 Armour
 + Level 4.8 Dodging
 + Level 1.6 Stealth
 + Level 1.6 Shields
 + Level 1.6 Unarmed Combat
 + Level 5.2 Spellcasting
 + Level 1.2 Conjurations
 + Level 1.2 Hexes
 + Level 1.2 Summonings
 + Level 1.2 Necromancy
 + Level 5.5 Translocations
 + Level 1.2 Transmutations
 + Level 1.2 Fire Magic
 + Level 1.2 Ice Magic
 + Level 1.2 Air Magic
 + Level 1.2 Earth Magic
 + Level 1.2 Poison Magic
 + Level 1.8 Invocations
 + Level 1.6 Evocations


You couldn't memorise any spells.
You knew the following spells:

 Your Spells              Type           Power      Damage    Failure   Level
a - Blink                 Tloc           32%        N/A       3%          2
b - Teleport Other        Tloc           16%        N/A       8%          3
c - Gell's Gravitas       Tloc           16%        N/A       8%          3
d - Manifold Assault      Tloc           16%        N/A       56%         5
e - Apportation           Tloc           32%        N/A       2%          1

Your spell library contained the following spells:

 Spells                   Type           Power      Damage    Failure   Level
 Lesser Beckoning         Tloc           16%        N/A       8%          3
 Alistair's Intoxication  Tmut/Pois      4%         N/A       99%         5
 Chain Lightning          Conj/Air       3%         3d4       100%        9
 Fire Storm               Conj/Fire      3%         8d1       100%        9
 Shatter                  Erth           3%         3d7*      100%        9


Dungeon Overview and Level Annotations

Branches:
Dungeon (4/15)
 Temple: D:4-7

Altars:
Nemelex Xobeh
Vehumet
Xom


Innate Abilities, Weirdness & Mutations

You have very sharp teeth.
Your uncanny sense of smell can sniff out nearby items.
Your experience applies equally to all skills.


Message History

The gnoll shaman misses you.
You hit the gnoll shaman but do no damage.
The gnoll shaman is heavily wounded.
The gnoll barely misses you.
The gnoll shaman hits you with a +0 falchion!
You hit the gnoll shaman but do no damage.
The gnoll shaman is heavily wounded.
The gnoll hits you from afar with a +0 halberd!
* * * LOW HITPOINT WARNING * * *
The gnoll shaman hits you with a +0 falchion.
* * * LOW HITPOINT WARNING * * *
The gnoll hits you from afar with a +0 halberd.
* * * LOW HITPOINT WARNING * * *
The gnoll shaman prays to its god.
The gnoll shaman is healed somewhat.
Casting: Teleport Other (dangerous; 8% risk of failure)
Confirm with . or Enter, or press ? or * to list all spells.
The spell is potentially lethal to miscast (56% risk of failure)!
Continue anyway?
Okay, then.
Casting: Manifold Assault (potentially lethal; 56% risk of failure)
Confirm with . or Enter, or press ? or * to list all spells.
Aiming: Gell's Gravitas (dangerous; 8% risk of failure)
Press: ? - help, Dir - move target, f - gnoll shaman
Aim: a gnoll shaman, wielding a +0 falchion and wearing a +0 leather armour (moderately wounded) Gravity reorients around the gnoll shaman.
The gnoll shaman calls upon its god to speed up the gnoll.
The gnoll seems to speed up.
Casting: Gell's Gravitas (dangerous; 8% risk of failure)
Confirm with . or Enter, or press ? or * to list all spells.
You blink.
You feel stable enough to blink again.
Casting: Blink (safe; 3% risk of failure)
Confirm with . or Enter, or press ? or * to list all spells.
Aiming: Teleport Other (dangerous; 8% risk of failure)
Press: ? - help, Shift-Dir - straight line, f/p - gnoll shaman
Aim: a gnoll shaman, wielding a +0 falchion and wearing a +0 leather armour (moderately wounded, chance to affect: 55%)
The gnoll shaman looks slightly unstable.
The gnoll shaman disappears!
The gnoll hits you from afar with a +0 halberd!
You die...

#........#. #........#. ##
#........g. #. #........##
##. #.....g..# ### ##..
#####.#### #...##.. #.#
#......###############.#####
#.....<....@.g...ยง..........
#.!.##############..........
## #.......... ###########


You could see a gnoll (fast).

Vanquished Creatures
  A hound (D:3)
  3 gnolls
  5 adders
  5 worms
  A dart slug (D:2)
  3 orcs (D:3)
  9 endoplasms
  4 giant cockroaches
  5 goblins
  5 hobgoblins
  2 jackals (D:2)
  5 quokkas
  4 ball pythons
  7 bats
  2 frilled lizards (D:1)
  3 kobolds
  3 rats
67 creatures vanquished.

Notes
Turn   | Place    | Note
-------+----------+-------------------------------------------
     0 | D:1      | DearestLeader the Gnoll Warper began the quest for the Orb.
     0 | D:1      | Reached XP level 1. HP: 20/20 MP: 6/6
   304 | D:1      | Found a faded altar of an unknown god.
   344 | D:1      | Reached XP level 2. HP: 26/26 MP: 7/7
   347 | D:1      | Learned a level 2 spell: Blink
  1173 | D:2      | HP: 1/26 [rat (2)]
  1191 | D:2      | HP: 1/26 [rat (2)]
  1239 | D:1      | HP: 1/26 [rat (1)]
  1594 | D:2      | Reached XP level 3. HP: 12/31 MP: 9/9
  1803 | D:2      | Reached skill level 5 in Spellcasting
  2379 | D:2      | Reached skill level 1 in Invocations
  2383 | D:2      | Learned a level 3 spell: Teleport Other
  2387 | D:2      | Learned a level 3 spell: Gell's Gravitas
  3064 | D:2      | Reached skill level 1 in Short Blades
  3064 | D:2      | Reached skill level 1 in Long Blades
  3064 | D:2      | Reached skill level 1 in Maces & Flails
  3064 | D:2      | Reached skill level 1 in Polearms
  3064 | D:2      | Reached skill level 1 in Staves
  3064 | D:2      | Reached skill level 1 in Slings
  3064 | D:2      | Reached skill level 1 in Bows
  3064 | D:2      | Reached skill level 1 in Crossbows
  3064 | D:2      | Reached skill level 1 in Stealth
  3064 | D:2      | Reached skill level 1 in Shields
  3064 | D:2      | Reached skill level 1 in Unarmed Combat
  3064 | D:2      | Reached skill level 1 in Evocations
  3251 | D:2      | Reached XP level 4. HP: 38/38 MP: 11/11
  4050 | D:1      | Reached skill level 1 in Conjurations
  4050 | D:1      | Reached skill level 1 in Hexes
  4050 | D:1      | Reached skill level 1 in Summonings
  4050 | D:1      | Reached skill level 1 in Necromancy
  4050 | D:1      | Reached skill level 1 in Transmutations
  4050 | D:1      | Reached skill level 1 in Fire Magic
  4050 | D:1      | Reached skill level 1 in Ice Magic
  4050 | D:1      | Reached skill level 1 in Air Magic
  4050 | D:1      | Reached skill level 1 in Earth Magic
  4050 | D:1      | Reached skill level 1 in Poison Magic
  4714 | D:3      | Found a sparkling altar of Nemelex Xobeh.
  4789 | D:3      | Found a shimmering altar of Xom.
  5042 | D:3      | Reached XP level 5. HP: 29/43 MP: 12/12
  5199 | D:3      | Learned a level 5 spell: Manifold Assault
  5315 | D:3      | Found a radiant altar of Vehumet.
  5634 | D:3      | Learned a level 1 spell: Apportation
  6509 | D:4      | Noticed an ogre
  6554 | D:4      | Slain by a gnoll

Illustrated notes

Levels and vault maps discovered:
D:1:      elethiomel_arrival_quiet, layout_loops_corners,
          dreamdust_ecumenical_altar_statues
D:2:      layout_basic, st_stairs_11, grunt_ministairs_13
D:3:      layout_basic, nemelex_diamond_rough_becter,
          mainiacjoe_overflow_tiny_flanked, amcnicky_altar_gilded, hex_large
D:4:      layout_rooms, serial_shops, shop, nicolae_shop_unique_rings,
          kennysheep_dice, uniq_duvessa

Skill      XL: |  1  2  3  4  5 |
---------------+----------------+-----
Spellcasting   | 5 |  5.2
Invocations    | 1 |  1.8
Short Blades   | 1 |  1.6
Long Blades    | 1 |  1.6
Maces & Flails | 1 |  1.6
Polearms       | 1 |  1.6
Staves         | 1 |  1.6
Slings         | 1 |  1.6
Bows           | 1 |  1.6
Crossbows      | 1 |  1.6
Stealth        | 1 |  1.6
Shields        | 1 |  1.6
Unarmed Combat | 1 |  1.6
Evocations     | 1 |  1.6
Conjurations   | 1 |  1.2
Hexes          | 1 |  1.2
Summonings     | 1 |  1.2
Necromancy     | 1 |  1.2
Transmutations | 1 |  1.2
Fire Magic     | 1 |  1.2
Ice Magic      | 1 |  1.2
Air Magic      | 1 |  1.2
Earth Magic    | 1 |  1.2
Poison Magic   | 1 |  1.2
Throwing       | 3 |  3.0
Armour         | 3 |  3.0
Fighting       | |  4.8
Axes           | |  4.8
Dodging        | |  4.8
Translocations | |  5.5

Action                   |  1- 3 |  4- 6 || total
-------------------------+-------+-------++-------
Melee: Hand axe          |   151 |   153 ||   304
       Bite              |    19 |    14 ||    33
       Punch             |     5 |     3 ||     8
 Cast: Blink             |     5 |     4 ||     9
       Teleport Other    |       |     2 ||     2
       Gell's Gravitas   |       |     1 ||     1
  Use: Potion            |     1 |       ||     1
 Stab: Sleeping          |       |     1 ||     1
Armor: Leather armour    |    30 |    22 ||    52
Dodge: Dodged            |   119 |   107 ||   226
